Unix NetHack Version 5.0.0-0 post-release - last build Jun 10 2026 00:39:30 (3ee93aec679c4c4259841fe613dc97188e26a321,branch:main).

Game began 2026-07-09 06:10:32, ended 2026-07-09 07:17:49.

BATTLEMODE, chaotic female elven Wizard

  ----------
  |...<....|
  |........|                                                 #
  |........|                                                 ###
  |........|                                                   #
  |.(......|                                                   #  ---------
  --------|-                                                   1##|.......|
          #       #                                            #  ........|
          #       #                                           #   |.......|
          #      ###                                --...--- #    |.......|
          #   -----#                                ..@....|#     |.......|
          #  #....|#                                |..h....      ---------
       ####  #|...|#                                |......|
   ----|-    #|....#                                |....---
   |....|    #|...|                                 ....|
   |.....#####-----                                 ....|
   |.)..|                                           -----
   ------

BATTLEMODE the Thaumaturge  St:10 Dx:13 Co:16 In:17 Wi:11 Ch:10  Chaotic
Dlvl:6  $:120 HP:0(44) Pw:26(66) AC:9  Xp:6 T:2520 

Latest messages:
 You hear some noises.
 You see here a scroll labeled FNORD.
 D - a scroll labeled FNORD (2 in total).
 What do you want to read? [i-mvxADJL or ?*] ?
 As you read the scroll, it disappears.
 This is an identify scroll.
 P - a cursed +0 bow.
 You drop a cursed +0 bow.
 What do you want to remove? [de or ?*] <esc>
 Never mind.
 What do you want to read? [i-mvxADJL or ?*] ?
 As you read the scroll, it disappears.
 Q - a wand of undead turning (0:4).
 You see here a cursed +0 bow.
 You see here a scroll labeled PHOL ENDE WODAN.
 x - a scroll labeled PHOL ENDE WODAN (2 in total).
 What do you want to read? [i-mvxAJL or ?*] ?
 As you read the scroll, it disappears.
 You materialize in a different location!
 You hear crashing rock.
 You hear some noises in the distance.
 You hear a distant explosion.
 Pick a monster, object or location.
 In what direction? 8
 The spell hits the giant bat!
 You kill the giant bat!
 You hear crashing rock.
 You hear some noises in the distance.
 You have a sad feeling for a moment, then it passes.
 The dwarf lady drinks a sky blue potion!
 The dwarf lady looks better.
 Pick a monster, object or location.
 The dwarf lady is caught in a bear trap!
 The dwarf lady swings her broad pick.
 The dwarf lady hits!
 The dwarf lady swings her broad pick.
 The dwarf lady hits again!
 You already found a monster.  Use 'm' prefix to force another search.
 You miss the dwarf lady.
 The dwarf lady swings her broad pick.
 The dwarf lady hits!
 The dwarf lady swings her broad pick.
 The dwarf lady hits again!
 You die...
 Do you want your possessions identified? [ynq] (y) y
 Do you want to see your attributes? [ynq] (y) y
 Do you want an account of creatures vanquished? [ynaq] (y) y
 Do you want a list of species genocided? [ynq] (y) y
 Do you want to see your conduct and achievements? [ynq] (y) y
 Do you want to see the dungeon overview? [ynq] (y) y

Inventory:
 Coins    ('$')
  $ - 120 gold pieces
 Weapons  (')')
  O - 9 cursed -1 arrows
  F - a +1 long sword
  a - a blessed +1 quarterstaff (weapon in hands)
 Armor    ('[')
  b - an uncursed +0 cloak of magic resistance (being worn)
  w - an uncursed +0 Hawaiian shirt with a giant eel motif (being worn)
 Comestibles  ('%')
  B - 2 uncursed food rations
  K - an uncursed partly eaten food ration
  C - an uncursed lembas wafer
  z - an uncursed tin of smoked gecko meat
 Scrolls  ('?')
  J - 3 uncursed scrolls of blank paper
  j - an uncursed scroll of food detection
  i - an uncursed scroll of light
  A - an uncursed scroll of magic mapping
  k - an uncursed scroll of scare monster
  v - an uncursed scroll of scare monster
  L - a blessed scroll of teleportation
  x - an uncursed scroll of teleportation
 Spellbooks  ('+')
  m - an uncursed spellbook of cause fear
  l - a blessed spellbook of force bolt
 Potions  ('!')
  N - a blessed potion of confusion
  g - an uncursed potion of enlightenment
  y - an uncursed potion of healing
  f - an uncursed potion of paralysis
  r - an uncursed potion of see invisible
 Rings    ('=')
  d - a blessed +1 ring of gain strength (on left hand)
  e - an uncursed ring of warning (on right hand)
 Wands    ('/')
  c - a wand of light (0:15)
  H - a wand of teleportation (0:3)
  Q - a wand of undead turning (0:4)
 Tools    ('(')
  o - an uncursed wooden flute
  M - an uncursed bell
  n - a magic marker (0:19)
  t - an uncursed tin whistle
 Gems/Stones  ('*')
  s - an uncursed chrysoberyl stone
  G - an uncursed worthless piece of orange glass
  I - an uncursed worthless piece of white glass

BATTLEMODE the Wizard's attributes:

Background:
 You were a Thaumaturge, a level 6 female elven Wizard.
 You were chaotic, nominally on a mission for Anhur
 who was opposed by Ptah (lawful) and Thoth (neutral).
 You were right-handed.
 You were in the Dungeons of Doom, on level 6.
 You entered the dungeon 2520 turns ago.
 You had 457 experience points, 183 more were needed to attain level 7.

Basics:
 You had 0 out of 44 hit points.
 You had 26 out of 66 energy points (spell power).
 Your armor class was 9.
 Your wallet contained 120 zorkmids.
 Autopickup was off.

Final Characteristics:
 Your strength was 10 (base:9, peak:10, limit:18).
 Your dexterity was 13 (limit:18).
 Your constitution was 16 (limit:16).
 Your intelligence was 17 (limit:20).
 Your wisdom was 11 (limit:20).
 Your charisma was 10 (limit:18).

Final Status:
 You weren't hungry.
 You were unencumbered.
 You were wielding a quarterstaff.
 You had basic skill with quarterstaff.

Final Attributes:
 You were piously aligned.
 You were magic-protected.
 You were sleep resistant.
 You were poison resistant.
 You saw invisible.
 You were warned.
 You had infravision.
 You aggravated monsters.
 You were warded.
 You are dead.

Miscellaneous:
 You didn't encounter any bones levels.
 Total elapsed playing time was 1 hour, 7 minutes and 16 seconds.

Major events:
 Turn
    1: BATTLEMODE the chaotic female elven Wizard entered the dungeon
  214: performed her first genocide (liches)
  625: attained the rank of Conjurer (level 3)
 2201: attained the rank of Thaumaturge (level 6)
 2520: killed by a dwarf lady

Spells:
 Name                 Level Category     Fail Retention
 force bolt             1   attack         0%   81%-90%
 cause fear             3   enchantment    0%   81%-90%

Skills:
 Fighting Skills
   bare handed combat [Unskilled]
   riding             [Unskilled]
 Weapon Skills
   dagger             [Unskilled]
   knife              [Unskilled]
   axe                [Unskilled]
   short sword        [Unskilled]
   club               [Unskilled]
   mace               [Unskilled]
   quarterstaff       [Basic]
   polearms           [Unskilled]
   spear              [Unskilled]
   trident            [Unskilled]
   sling              [Unskilled]
   dart               [Unskilled]
   shuriken           [Unskilled]
 Spellcasting Skills
   attack spells      [Basic]
   healing spells     [Unskilled]
   divination spells  [Unskilled]
   enchantment spells [Basic]
   clerical spells    [Unskilled]
   escape spells      [Unskilled]
   matter spells      [Unskilled]

Voluntary challenges:
 Character rerolling was not enabled.
 You were an atheist.
 You genocided 1 type of monster.
 You never polymorphed an object.
 You never changed form.
 You used no wishes.
Achievements:
 You attained the rank of Conjurer.
 You entered a shop.
 You attained the rank of Thaumaturge.

 The Dungeons of Doom: levels 1 to 6
    Level 1:
       A fountain.
    Level 2:
       A fountain.
    Level 3:
       A general store, some fountains.
    Level 4: "Spellbooks"
       A scroll shop, a fountain, a sink.
    Level 5:
       An altar to Anhur, a throne, a fountain, a grave.
    Level 6: <- You were here.
       Final resting place for
          you, killed by a dwarf lady.


Vanquished creatures:
  2 gnome rulers
  a rock piercer
  a fog cloud
  a gnomish wizard
  a paper golem
  a little dog
  a floating eye
  a kitten
  a kobold leader
  2 giant bats
 an orc zombie
  3 iguanas
 an acid blob
  2 hobgoblins
  4 yellow molds
  2 garter snakes
  a gnome zombie
  3 geckos
  2 jackals
  2 foxes
  5 goblins
  a grid bug
  4 bats
  a lichen
  3 newts
47 creatures vanquished.

Genocided species:
 liches
1 species genocided.

Game over:
                       ----------
                      /          \
                     /    REST    \
                    /      IN      \
                   /     PEACE      \
                  /                  \
                  |    BATTLEMODE    |
                  |      120 Au      |
                  |   killed by a    |
                  |    dwarf lady    |
                  |                  |
                  |                  |
                  |       2026       |
                 *|     *  *  *      | *
        _________)/\\_//(\/(/\)/\//\/|_)_______

Goodbye BATTLEMODE the Wizard...

You died in The Dungeons of Doom on dungeon level 6 with 1600 points,
and 120 pieces of gold, after 2520 moves.
You were level 6 with a maximum of 44 hit points when you died.

